El Splatto, neutral male scurrid Tourist -------.---- ....$......| |.......uq.| |.....{...@| ------------ El Splatto the Sightseer Experience level: 5 Strength: 13 Dexterity: 13 Constitution: 12 Intelligence: 12 Wisdom: 8 Charisma: 10 Health: 0(35) Energy: 17(17) Def: 1 Gold: 791 Moves: 1800 Dungeon seed: lGqdhQ2YkiuZxvFa Game ID: El Splatto_1528892343 Your Inventory: Coins $ - 791 gold pieces Weapons a - 25 uncursed +2 darts (in quiver) S - 12 uncursed +2 darts Armor e - an uncursed +0 Hawaiian shirt (being worn) q - an uncursed +0 elven leather helm (being worn) Comestibles b - 4 uncursed food rations c - an uncursed lembas wafer f - 3 uncursed eggs g - an uncursed cram ration h - an uncursed tin of sewer rat meat H - an uncursed egg K - an uncursed chestnut O - 2 uncursed tripe rations Scrolls j - 3 uncursed scrolls of magic mapping k - a blessed scroll of magic mapping w - 2 uncursed scrolls of earth Potions i - 2 uncursed potions of extra healing Rings x - an uncursed ring of protection from shape changers M - a cursed -4 ring of gain strength Z - a cursed ring of hunger Wands y - a cursed wand of polymorph (0:3) A - an uncursed wand of opening (0:4) B - an uncursed wand of cold (0:7) C - an uncursed wand of secret door detection (0:11) G - an uncursed wand of slow monster (0:7) I - an uncursed wand of make invisible (0:5) L - an uncursed wand of teleportation (0:0) Tools l - an uncursed expensive camera (0:55) m - an uncursed credit card n - an uncursed towel o - an uncursed tin opener Spells and supernatural/magical abilities: Name Level Category Fail Memory W - pray for help -- divine ? -- Your skills at the end: Miscellaneous Skills wands [Basic] stealth [Expert] Weapon Skills dart [Basic] Spellcasting Skills Final Attributes: You were devoutly aligned. Your writing paw was ok. You had infravision. You were very stealthy. You are dead. Vanquished creatures: a large mimic a Green-elf a baby crocodile a rock piercer a black naga hatchling an elf zombie an iguana 3 jitterbugs a hobbit an acid blob a hobgoblin a giant rat 2 cave spiders a yellow mold a red mold 4 garter snakes a kobold a kobold zombie 24 creatures vanquished. Voluntary challenges: You did not adorn yourself with jewelry or accessories. You did not cause conflict. You were not invisible. You did not have reflection. You were not displaced. You never hit with a wielded weapon. You did not apply a unicorn horn. You did not use plumbed fixtures. You read items or engraved 2 times, starting on turn 19. You never genocided any monsters. You never polymorphed an object. You never changed form. You used no wishes. You never split a pudding. You never wrote Elbereth's name. You never violated your personal moral code. Dungeon overview: The Dungeons of Doom: levels 1 to 19 Level 1 a long staircase Level 2 Level 3 Level 4 Level 5 Level 6 many fountains Level 7 stairs to Sokoban Level 8 a sink Level 9 Level 10 Level 11 a fountain Level 12 a general store Level 13 a fountain Level 14 Level 15 Level 16 Level 17 Level 18 Level 19 <- You were here a fountain Sokoban: levels 3 to 6 Level 3 a magic chest Level 4 Level 5 a fountain Level 6 a magic chest stairs to The Dungeons of Doom History has recorded: On T:1 you entered the Dungeons of Doom to retrieve the Amulet of Yendor! On T:10 you reached level 2 of The Dungeons of Doom. On T:17 you reached level 3 of The Dungeons of Doom. On T:25 you reached level 4 of The Dungeons of Doom. On T:31 you reached level 5 of The Dungeons of Doom. On T:37 you reached level 6 of The Dungeons of Doom. On T:41 you advanced to experience level 2. On T:52 you reached level 7 of The Dungeons of Doom. On T:54 you reached level 4 of Sokoban. On T:157 you opened a magic chest. On T:385 you advanced to experience level 3. On T:418 you reached level 3 of Sokoban. On T:608 you advanced to experience level 4. On T:934 you reached level 2 of Sokoban. On T:1572 you reached level 1 of Sokoban. On T:1638 you reached level 8 of The Dungeons of Doom. On T:1651 you reached level 9 of The Dungeons of Doom. On T:1654 you reached level 10 of The Dungeons of Doom. On T:1663 you reached level 11 of The Dungeons of Doom. On T:1673 you reached level 12 of The Dungeons of Doom. On T:1698 you advanced to experience level 5. On T:1720 you reached level 13 of The Dungeons of Doom. On T:1720 you prayed to The Lady. On T:1731 you reached level 14 of The Dungeons of Doom. On T:1745 you reached level 15 of The Dungeons of Doom. On T:1787 you reached level 17 of The Dungeons of Doom. On T:1794 you reached level 18 of The Dungeons of Doom. On T:1799 you reached level 19 of The Dungeons of Doom. Score breakdown: Gold: 131 ( 13 points) Experience: 5 levels ( 400 points) Exploration: 19 levels ( 540 points) Discoveries: 17 items ( 850 points) Variety of kills: 18 monsters ( 900 points) Major goal: (nothing yet) ( 0 points) Survival: died (score multiplied by 3) Total score: 8109 Latest messages: You continue digging downward. You dig a pit in the floor. You continue digging downward. (8x) You dig a hole through the floor. You fall through... You start digging downward. You continue digging downward. You dig a pit in the floor. You continue digging downward. (7x) You dig a hole through the floor. You fall through... You start digging downward. You feel an absence of magical power. The leocrotta claws you! The leocrotta bites! The leocrotta claws you! (2x) The leocrotta bites! You die... Final status: Aloha El Splatto the Tourist, killed by a leocrotta... You died in The Dungeons of Doom on dungeon level 19 with 8109 points, and 791 pieces of gold, after 1800 moves. You were level 5 with a maximum of 35 hit points when you died.